 Dungeon Crawl Stone Soup version 0.16-a0-2822-gb1d3efb (webtiles) character file.

1415868 MackTheKnife the Lord of Darkness (level 25, 199/199 HPs)
             Began as a Demonspawn Necromancer on Nov 26, 2014.
             Was the Champion of Kikubaaqudgha.
             Escaped with the Orb
             ... and 3 runes on Nov 28, 2014!
             The game lasted 05:01:23 (97629 turns).

MackTheKnife the Lord of Darkness (DsNe)           Turns: 97629, Time: 05:01:23

Health: 199/199    AC: 24    Str: 17    XL:     25   Next: 89%
Magic:  39/50      EV: 30    Int: 36    God:    Kikubaaqudgha [******]
Gold:   5453       SH:  9    Dex: 28    Spells: 10 memorised, 3 levels left

rFire  + + +     SeeInvis +     a - +9 rapier (pain)
rCold  + . .     Clarity  .     A - +5 faerie dragon armour {Str+5 Int+1}
rNeg   + + +     SustAb   .     r - +2 buckler of the Camelopard {Int+4 Dex+2}
rPois  .         Gourm    .     P - +2 hat of the Bear Spirit {Spirit, +Rage rN+ MR++}
rElec  .         Spirit   +     f - +2 cloak {+Inv}
rCorr  .         Warding  +     U - +0 pair of gloves of the Sailor {Str+4 Int+4}
rMut   .         Stasis   .     (boots unavailable)
MR     +++++                    V - macabre finger necklace {Ward rN+}
Stlth  ++++......               O - ring "Rotez" {rF++ rN+ MR++ MP+9 SInv}
                                S - ring "Zoymeh" {Int+6 Dex+4}
                                g - +3 ring of evasion

@: very slightly contaminated, studying Ice Magic, almost entirely resistant to
hostile enchantments, stealthy
A: talons 3, molten scales 3, cold resistance 1, foul stench 1, nightstalker 3,
rot immunity, freezing cloud immunity
a: Receive Corpses, Torment, Renounce Religion, Evoke Berserk Rage, Evoke
Invisibility
0: Orb of Zot
}: 3/15 runes: decaying, serpentine, silver


You escaped.
You worshipped Kikubaaqudgha.
Kikubaaqudgha was exalted by your worship.
You were not hungry.

You visited 10 branches of the dungeon, and saw 56 of its levels.
You visited 1 bazaar.
You also visited: Labyrinth, Trove, Ossuary, Bailey, Ice Cave and Wizlab.

You collected 8107 gold pieces.
You spent 2654 gold pieces at shops.

Inventory:

Hand weapons
 a - a +9 rapier of pain (weapon)
   (You found it on level 4 of the Lair of Beasts)
Armour
 f - a +2 cloak of invisibility (worn)
   (You found it on level 2 of the Depths)
 r - the +2 buckler of the Camelopard (worn) {Int+4 Dex+2}
   (You found it on level 5 of the Vaults)

   It affects your intelligence (+4).
   It affects your dexterity (+2).
 A - the +5 faerie dragon armour (worn) {Str+5 Int+1}
   (You took it off the Enchantress on level 3 of the Depths)

   It affects your strength (+5).
   It affects your intelligence (+1).
 P - the +2 hat of the Bear Spirit (worn) {Spirit, +Rage rN+ MR++}
   (You found it on level 7 of the Lair of Beasts)

   It protects you from negative energy.
   It affects your resistance to hostile enchantments.
   It lets you go berserk.
 U - the +0 pair of gloves of the Sailor (worn) {Str+4 Int+4}
   (You bought it in a shop on level 13 of the Dungeon)

   It affects your strength (+4).
   It affects your intelligence (+4).
Jewellery
 g - a +3 ring of evasion (on amulet)
   (You took it off a hobgoblin on level 2 of the Dungeon)
 I - an uncursed amulet of resist mutation {rMut, !d}
   (You found it on level 4 of the Lair of Beasts)
 O - the ring "Rotez" (right hand) {rF++ rN+ MR++ MP+9 SInv}
   (You bought it in a shop in a bazaar)

   [ring of magical power]

   It greatly protects you from fire.
   It protects you from negative energy.
   It affects your resistance to hostile enchantments.
   It affects your magic capacity (+9).
   It enhances your eyesight.
 S - the ring "Zoymeh" (left hand) {Int+6 Dex+4}
   (You bought it in a shop in a bazaar)

   [ring of intelligence]

   It affects your intelligence (+6).
   It affects your dexterity (+4).
 V - the macabre finger necklace (around neck) {Ward rN+}
   (You bought it in a shop in a bazaar)

   [amulet of warding]

   It may prevent the melee attacks of summoned creatures.
   It protects you from negative energy.
Magical devices
 d - a wand of digging (11)
   (You took it off a hobgoblin on level 10 of the Dungeon)
 e - a wand of heal wounds (5)
   (You took it off Grum on level 4 of the Orcish Mines)
 p - a wand of disintegration (10)
   (You found it on level 3 of the Lair of Beasts)
 v - a wand of teleportation (8)
   (You found it on level 10 of the Dungeon)
 M - a wand of invisibility (5)
   (You took it off a yaktaur on level 3 of the Vaults)
 N - a wand of invisibility (6)
   (You found it on level 8 of the Dungeon)
 W - a wand of disintegration (16)
   (You took it off a vault guard on level 5 of the Vaults)
Scrolls
 h - 9 scrolls of recharging
 j - 14 scrolls of fog
 q - 6 scrolls of summoning
 s - 26 scrolls of remove curse
 t - a scroll of silence
 w - a scroll of amnesia
 y - 2 scrolls of blinking {!r}
 C - 3 scrolls of fear
 G - 9 scrolls of teleportation
 Y - 9 scrolls of identify
Potions
 c - 2 potions of cure mutation {!q}
 i - 5 potions of heal wounds
 l - 9 potions of brilliance
 n - a potion of resistance
 u - 6 potions of cancellation
 B - 7 potions of restore abilities
 D - 4 potions of magic
 Q - 15 potions of curing
 T - 5 potions of agility
Books
 x - a manual of Ice Magic {!d}
   (You found it on level 5 of the Vaults)
Miscellaneous
 k - a sack of spiders {used: 1}
   (You found it on level 3 of the Elven Halls)
 o - a lamp of fire
   (You found it on level 5 of the Vaults)
 F - a phial of floods
   (You found it on level 3 of the Elven Halls)
 H - a lamp of fire
   (You found it on level 10 of the Dungeon)
Comestibles
 b - a meat ration
 m - 26 fruits
 J - 10 bread rations


   Skills:
 + Level 16.5 Fighting
 - Level 14.0 Short Blades
 - Level 10.7 Armour
 + Level 14.5 Dodging
 - Level 18.9 Stealth
 - Level 5.1 Shields
 - Level 13.7 Spellcasting
 - Level 10.6 Conjurations
 - Level 12.7 Charms
 - Level 19.5 Necromancy
 - Level 12.8 Ice Magic
 - Level 12.1 Air Magic


You had 3 spell levels left.
You knew the following spells:

 Your Spells              Type           Power        Failure   Level  Hunger
a - Bolt of Draining      Conj/Necr      #######...   1%          5    None
b - Freezing Cloud        Conj/Ice/Air   #######...   1%          6    ##.....
c - Simulacrum            Ice/Necr       #######...   1%          6    ##.....
d - Cigotuvi's Embrace    Necr           ########..   0%          5    None
e - Animate Dead          Necr           N/A          0%          4    None
h - Haste                 Chrm           #######.     1%          6    ##.....
r - Regeneration          Chrm/Necr      #######...   0%          3    None
F - Flight                Chrm/Air       #######...   1%          3    None
P - Cure Poison           Pois           ###.......   2%          2    None
R - Borgnjor's Revivific  Necr           ########..   4%          8    ######.


Dungeon Overview and Level Annotations

Branches:
Dungeon (15/15)            Temple (1/1) D:6            Lair (8/8) D:8
  Swamp (5/5) Lair:6        Snake (5/5) Lair:5        Slime (0/6) Lair:7
    Orc (4/4) D:10            Elf (3/3) Orc:3        Vaults (5/5) D:14
  Crypt (0/3) Vaults:2     Depths (5/5) D:15            Zot (5/5) Depths:5

Altars:
Ashenzari
Cheibriados
Dithmenos
Elyvilon
Fedhas
Gozag
Kikubaaqudgha
Makhleb
Nemelex Xobeh
Okawaru
Qazlal
Ru
Sif Muna
Trog
Vehumet
Xom
Yredelemnul
Zin
The Shining One
Beogh
Lugonu

Shops:
D:13 [   Orc:3 *   Orc:4 [%(*   Elf:2 :   Elf:3 !   Vaults:1 (

Portals:
Hell: Depths:1 Depths:2 Depths:3 Depths:5
Abyss: Depths:2 Depths:4
Pandemonium: Depths:3
Ziggurat: Depths:1

Annotations:
D:9 exclusion: killer bee
D:10 runed door
Swamp:1 exclusion: hydra
Swamp:4 exclusion: downstairs
Elf:1 runed door
Elf:2 runed door
Vaults:2 Mennas
Depths:2 runed door


Innate Abilities, Weirdness & Mutations

You have claws for feet.
You are completely covered in molten scales (AC +4, EV -1, rF+).
Your flesh is cold resistant.
You emit a foul stench.
You are completely attuned to the shadows.
You are immune to rotting.
You are immune to freezing clouds.


Message History

You climb upwards.
You sense a powerful magical force warping space.
There is a stone staircase leading down, spattered with blood here.
The giant gecko completely misses you. x2
An adder comes into view.
A hobgoblin comes into view. It is wielding a club.
There is a stone staircase leading up here.
The giant gecko completely misses you. The giant gecko closely misses you.
You climb upwards.
You sense a powerful magical force warping space.
There is a stone staircase leading down here.
You block the giant gecko's attack. You block the giant gecko's attack.
The giant gecko completely misses you.
A daeva comes into view.
It is wielding a scimitar of holy wrath.
The giant gecko misses you.
There is a stone staircase leading up here.
You block the giant gecko's attack.
You climb upwards.
You sense a powerful magical force warping space.
There is a stone staircase leading down here.
The giant gecko bites you but does no damage.
The giant gecko looks sick.
An Ice Fiend comes into view.
The Ice Fiend roars!
The Ice Fiend gestures at you. The bolt of cold hits you! You resist.
Casting: Regeneration
Confirm with . or Enter, or press ? or * to list all spells.
Aiming: Haste
Press: ? - help, Shift-Dir - straight line, f - you You feel yourself speed up.
You are very lightly contaminated with residual magic.
The giant gecko completely misses you.
A torturous chaos champion comes into view.
It is wielding a spear.
A giant cockroach comes into view.
The giant gecko closely misses you.
The Ice Fiend calls on the powers of darkness!
Kikubaaqudgha partially shields you from torment!
Your body is wracked with pain!
The giant gecko convulses!
The giant cockroach convulses!
The Ice Fiend calls on the powers of darkness!
The giant gecko convulses!
Kikubaaqudgha partially shields you from torment!
Your body is wracked with pain!
The giant cockroach completely misses you.
The giant cockroach completely misses you.
There is a stone staircase leading up, spattered with blood here.
You climb upwards.
You sense a powerful magical force warping space.
There is a stone staircase leading down here.
Casting: Haste
Confirm with . or Enter, or press ? or * to list all spells.
Your skin crawls.
The giant cockroach completely misses you.
You block the giant cockroach's attack.
There is a stone staircase leading up here.
Evoke which item? (* to show all) (? for menu, Esc to quit)
Zapping:
e - a wand of heal wounds (7)
Press: ? - help, Shift-Dir - straight line, f - you You feel much better.
This wand has 6 charges left.
Evoke which item? (* to show all) (? for menu, Esc to quit)
Zapping:
e - a wand of heal wounds (6)
Press: ? - help, Shift-Dir - straight line, f - you You feel much better.
This wand has 5 charges left.
You block the giant cockroach's attack.
You climb upwards.
You sense a powerful magical force warping space.
There is a stone staircase leading down here.
Your giant newt skeleton barely misses the giant cockroach.
You block the giant cockroach's attack.
You swap places.
Your giant newt skeleton closely misses the giant cockroach.
Your hobgoblin skeleton misses the giant cockroach.
Your hobgoblin skeleton hits the giant cockroach.
You see here a club.
The giant cockroach waves its antennae.
A crimson imp comes into view.
The crimson imp shouts!
There is a stone staircase leading up here.
The crimson imp picks up a beetle and eats it.
You climb upwards.
You sense a powerful magical force warping space.
There is a stone staircase leading down, spattered with blood here.
Your extra speed is starting to run out.
Your skin is crawling a little less now.
You feel yourself slow down.
Your skin stops crawling.
There is a staircase leading out of the dungeon here.
Casting: Regeneration
Confirm with . or Enter, or press ? or * to list all spells.
Nothing appears to happen.
Casting: Borgnjor's Revivification
Confirm with . or Enter, or press ? or * to list all spells.
Okay, then.
Unknown command.
Casting: Borgnjor's Revivification
Confirm with . or Enter, or press ? or * to list all spells.
Nothing appears to happen.
You have escaped!

#####
##.@.##
##.....##
#.#8≈8#.#
##
#.#≈≈≈#.#
#.
#.#8≈8#.#
#.
#.#≈≈≈#.#
#.
#.#8≈8#.#
#.
##.....##
#.
###.###
###.


There were no monsters in sight!

Vanquished Creatures
  4 orbs of fire (Zot:5)
  An ancient lich (WizLab)
  5 golden dragons
  Xtahua (Vaults:2)
  the Enchantress (Depths:3)
  2 electric golems
  13 tentacled monstrosities
  2 deep elf master archers (Elf:3)
  Asterion (Vaults:2)
  6 titans
  9 Orb Guardians (Zot:5)
  A quicksilver dragon (Depths:2)
  A lich (Depths:2)
  2 deep elf blademasters (Elf:3)
  An Executioner (Elf:3)
  The ghost of RobertPalmer the Black Belt, a mighty DsTm of Ru (Snake:5)
  5 sphinxes
  8 tengu reavers
  A thorn hunter (Swamp:4)
  12 shadow dragons
  Kirke (Swamp:4)
  An ancient champion (WizLab)
  12 storm dragons
  5 greater nagas
  8 frost giants
  An iron dragon (Vaults:5)
  12 vault wardens
  4 draconian scorchers
  Aizul (Vaults:2)
  A draconian zealot (Zot:3)
  3 ghost moths
  3 draconian knights
  2 deep elf sorcerers (Elf:3)
  5 fire giants
  4 draconian shifters
  Jorgrun (Vaults:2)
  14 very ugly things
  3 rakshasas
  4 spriggan defenders
  5 draconian annihilators
  A war gargoyle (Vaults:5)
  A Killer Klown zombie (Zot:5)
  3 draconian callers
  A vampire knight (Depths:4)
  17 stone giants
  3 green draconians
  4 grey draconians
  A salamander firebrand (Depths:4)
  3 purple draconians
  10 deep elf demonologists
  3 dire elephants
  4 black draconians
  8 mottled draconians
  7 deep elf annihilators
  3 red draconians
  4 yellow draconians
  7 white draconians
  3 pale draconians (Zot:2)
  A caustic shrike zombie (D:15)
  A crystal guardian (Vaults:3)
  6 deep elf death magi
  11 ettins
  5 minotaurs
  16 ironheart preservers
  2 jiangshi (Depths:5)
  2 deep elf high priests (Vaults:5)
  10 fire dragons
  19 vault guards
  Fannar (Lair:7)
  17 yaktaur captains
  Harold (Orc:2)
  5 death cobs
  12 naga warriors
  Nessos (Snake:1)
  7 ice dragons
  10 great orbs of eyes
  3 spriggan air magi
  16 ogre magi
  Erica (Lair:6)
  7 deep troll shamans
  A merfolk avatar (Swamp:4)
  3 dancing weapons
  24 hydras
  16 anacondas
  3 alligators
  4 centaur warriors
  11 deep troll earth magi
  3 tengu warriors
  33 death yaks
  8 shock serpents
  Urug (D:11)
  2 fire crabs (Vaults:3)
  7 spriggans
  13 hell knights
  3 naga sharpshooters
  5 spriggan berserkers
  Nergalle (Orc:3)
  A sun demon (Zot:1)
  15 skeletal warriors
  13 deep elf knights
  3 flayed ghosts
  2 salamander mystics
  2 shadow wraiths (Vaults:4)
  23 deep trolls
  2 spriggan druids
  A death drake (Zot:3)
  6 unseen horrors
  4 swamp dragons
  6 deep elf summoners
  7 necromancers
  4 naga ritualists
  3 giant orange brains
  16 wizards
  3 shambling mangroves
  An ugly thing zombie (Vaults:2)
  6 hill giants
  3 phantasmal warriors
  10 orc knights
  2 mana vipers
  6 harpies
  14 ironbrand convokers
  3 orc sorcerers
  14 deep elf conjurers
  An iron dragon zombie (D:15)
  9 griffons
  A stone giant zombie (Vaults:2)
  A wolf spider (Vaults:1)
  43 ugly things
  A sphinx skeleton (Vaults:2)
  A frost giant zombie (Vaults:2)
  2 manticores (D:13)
  7 cyclopes
  13 moths of wrath
  A guardian serpent (shapeshifter) (D:14)
  18 guardian serpents
  37 black mambas
  5 red wasps
  A cyclops (shapeshifter) (D:14)
  A black mamba (shapeshifter) (Vaults:3)
  8 salamanders
  13 elephants
  A centaur zombie (D:15)
  An eye of devastation (shapeshifter) (Vaults:5)
  2 spiny frogs (shapeshifter)
  20 vault sentinels
  4 torpor snails
  Psyche (D:10)
  17 spiny frogs
  8 naga magi
  2 kobold demonologists
  A yaktaur zombie (Vaults:2)
  46 yaktaurs
  8 deep elf priests
  A yaktaur (shapeshifter) (Depths:2)
  6 centaur skeletons
  A purple draconian zombie (Zot:3)
  2 jumping spiders (shapeshifter)
  A tengu conjurer (D:15)
  3 yaktaur skeletons (Vaults:2)
  2 guardian mummies (D:15)
  9 fire drakes
  7 komodo dragons
  Sonja (Swamp:1)
  20 blink frogs
  3 freezing wraiths
  A merfolk (shapeshifter) (Depths:5)
  6 trolls
  2 polar bears
  6 giant leeches
  6 boulder beetles
  A sphinx simulacrum (Vaults:2)
  2 baby alligators (Swamp:3)
  37 two-headed ogres
  A raven (shapeshifter) (Elf:1)
  A bog body (Swamp:1)
  26 slime creatures
  An air elemental (D:10)
  2 spriggans (shapeshifter) (Depths:1)
  2 basilisks
  18 ravens
  A trapdoor spider (Lab)
  3 human skeletons (Vaults:2)
  An ice dragon skeleton (D:15)
  2 ettin skeletons (Vaults:2)
  A wraith (D:12)
  A wyvern (D:14)
  2 fire elementals
  23 yaks
  4 redbacks (Vaults:3)
  6 vampires
  A water elemental (D:10)
  2 hungry ghosts
  Eustachio (D:6)
  A yak (shapeshifter) (Vaults:2)
  30 deep elf magi
  2 hill giant zombies (WizLab)
  4 shadows
  Grum (Orc:4)
  A hog (Swamp:4)
  A hippogriff (shapeshifter) (Vaults:5)
  27 deep elf fighters
  21 wolves
  A mottled dragon (D:11)
  24 vampire mosquitoes
  44 water moccasins
  16 swamp worms
  29 nagas
  6 wargs
  5 ogre zombies
  7 hippogriffs
  7 porcupines
  A soldier ant (D:12)
  28 orc warriors
  A black bear (D:7)
  An eye of draining (D:11)
  3 sky beasts
  4 ice beasts
  53 ogres
  A swamp drake (shapeshifter) (D:14)
  11 swamp drakes
  6 boggarts
  5 human zombies
  4 phantoms
  21 centaurs
  6 yellow wasps
  An eye of draining (shapeshifter) (Vaults:5)
  21 crocodiles
  An elf skeleton (Vaults:2)
  A wyvern zombie (D:14)
  21 big kobolds
  16 giant frogs
  A wyvern skeleton (D:7)
  A vampire bat (D:5)
  6 troll zombies (WizLab)
  3 scorpions
  5 killer bees (D:11)
  9 wights
  4 crimson imps
  A goliath beetle (shapeshifter) (Vaults:5)
  3 electric eels
  9 hounds
  2 goliath beetles (D:6)
  3 quasits
  2 iron imps
  2 giant frog skeletons
  2 human simulacra (Vaults:2)
  3 jellies
  30 orc priests
  30 orc wizards
  8 iguanas
  15 worker ants
  17 sheep
  Jessica (D:15)
  4 big kobold zombies (Ossuary)
  2 mummies
  11 gnolls
  39 river rats
  2 shadow imps
  24 adders
  A white imp (Vaults:1)
  3 worms
  A giant mite (D:4)
  An ufetubus (Vaults:1)
  An adder zombie (D:6)
  3 fire bats (D:5)
  5 giant geckos
  4 oozes
  183 orcs
  11 spectral bats
  7 ball pythons
  3 bat skeletons (D:5)
  7 gnoll zombies (Ossuary)
  35 goblins
  27 hobgoblins
  9 jackals
  27 kobolds
  9 quokkas
  28 bats
  2 bat simulacra
  5 giant cockroaches
  3 giant newts
  3 goblin simulacra (Ossuary)
  A goblin zombie (Ossuary)
  3 hobgoblin zombies (Ossuary)
  4 kobold simulacra (Ossuary)
  6 kobold zombies
  14 orc zombies
  A quokka zombie (D:5)
  10 rats
  2 rat simulacra (Ossuary)
  2 spectral goblins (Ossuary)
  3 spectral kobolds (Ossuary)
  A spectral rat (Ossuary)
  3 ballistomycetes (D:8)
  2 briar patches (Swamp:5)
  9 butterflies (Elf:1)
  A fungus (Lair:8)
2314 creatures vanquished.

Vanquished Creatures (collateral kills)
  3 orbs of fire
  Sojobo (Vaults:2)
  2 Killer Klowns (Zot:5)
  2 curse toes
  A bone dragon (Depths:5)
  An electric golem (Zot:5)
  3 tentacled monstrosities
  12 Orb Guardians (Zot:5)
  A titan (Vaults:5)
  A sphinx (Depths:2)
  A thorn hunter (Swamp:5)
  3 draconian monks (Zot:5)
  2 shadow dragons
  4 storm dragons
  A daeva (Depths:4)
  3 tengu reavers
  2 vault wardens (Vaults:5)
  4 greater nagas (Snake:5)
  A deep elf sorcerer (Elf:3)
  A draconian knight (Zot:5)
  An angel (Depths:4)
  A draconian annihilator (Zot:3)
  5 very ugly things
  A war gargoyle (Vaults:5)
  4 stone giants
  A draconian caller (Zot:5)
  A deep elf annihilator (Elf:3)
  3 black draconians
  A mottled draconian (Depths:5)
  A dire elephant (Depths:1)
  A purple draconian (Zot:5)
  A green draconian (Zot:3)
  2 red draconians (Zot:5)
  2 white draconians
  An ettin (Depths:2)
  A pale draconian (Zot:1)
  7 vault guards
  4 fire dragons
  3 rakshasas
  2 ironheart preservers
  4 great orbs of eyes
  5 anacondas
  6 hydras
  3 yaktaur captains
  A death cob (Zot:4)
  4 ice dragons
  A spriggan air mage (Depths:5)
  A dancing weapon (Vaults:5)
  2 alligators
  A vampire mage (Depths:5)
  13 death yaks
  A centaur warrior (D:15)
  2 deep troll shamans (Depths:2)
  4 ogre magi
  2 shock serpents
  6 naga sharpshooters
  A soul eater (Depths:4)
  3 skeletal warriors
  A deep elf knight (Depths:2)
  A catoblepas (Lair:8)
  4 naga ritualists (Snake:5)
  2 flayed ghosts
  A salamander mystic (Depths:4)
  A fire crab (shapeshifter) (Depths:5)
  5 deep trolls
  3 ice statues (IceCv)
  2 deathcaps (Zot:4)
  A spriggan druid (Swamp:4)
  2 shambling mangroves
  A swamp dragon (Swamp:5)
  An ironbrand convoker (Vaults:5)
  A hill giant (D:11)
  An orc knight (Vaults:3)
  2 necromancers
  2 griffons
  A cyclops (Vaults:1)
  A red wasp (Swamp:5)
  A mana viper (Snake:5)
  8 ugly things
  2 deep elf conjurers
  2 wolf spiders (Vaults:1)
  4 guardian serpents
  2 moths of wrath
  9 salamanders
  4 naga magi
  21 elephants
  3 vault sentinels
  7 black mambas
  A kobold demonologist (Vaults:1)
  4 spiny frogs
  A yaktaur zombie (Vaults:2)
  13 yaktaurs
  3 komodo dragons
  2 fire drakes
  4 wandering mushrooms (Zot:4)
  3 polar bears
  A red devil (Depths:4)
  A hellwing (Depths:4)
  A merfolk (shapeshifter) (Depths:1)
  3 slime creatures
  12 blink frogs
  6 two-headed ogres
  2 bog bodies
  A deep elf mage (Depths:1)
  A deep troll zombie (D:15)
  5 ravens
  An ugly thing zombie (Vaults:3)
  An ettin skeleton (Vaults:2)
  A wraith (Vaults:1)
  2 redbacks (Vaults:3)
  A vampire (Depths:2)
  A redback (shapeshifter) (Vaults:5)
  5 yaks
  3 hill giant zombies
  2 hogs (Swamp:4)
  4 spriggans
  A warg (Vaults:1)
  6 deep elf fighters
  6 insubstantial wisps (Swamp:4)
  11 vampire mosquitoes
  6 wolves
  A hippogriff (Lair:8)
  17 nagas
  6 orc warriors
  3 swamp worms
  8 ice beasts
  A sky beast (D:6)
  8 yellow wasps
  6 porcupines
  A black bear (Lair:5)
  9 water moccasins
  A swamp drake (Swamp:4)
  A boring beetle (Lair:8)
  An eye of draining (D:10)
  21 ogres
  3 centaurs
  An orc zombie (Vaults:2)
  An elf skeleton (Vaults:2)
  7 crocodiles
  A wyvern zombie (D:9)
  A human skeleton (Vaults:2)
  5 giant frogs
  An earth elemental (D:10)
  2 troll zombies (WizLab)
  An elf simulacrum (Vaults:2)
  A two-headed ogre zombie (Vaults:3)
  11 wights
  2 electric eels
  A quasit (D:9)
  A goliath beetle (D:10)
  2 crimson imps
  A jelly (D:9)
  An elf zombie (Vaults:2)
  An orc priest (D:9)
  A giant frog skeleton (D:5)
  6 worker ants
  3 orc wizards
  An orange rat (Depths:3)
  3 iguanas
  6 quokkas
  A sheep (Lair:4)
  Ijyb (D:2)
  2 ogre zombies
  2 gnolls
  4 adders
  41 river rats
  A shadow imp (D:13)
  3 worms
  An adder skeleton (D:9)
  2 giant geckos
  An ooze (D:5)
  20 orcs
  6 bats
  2 bat skeletons
  2 hobgoblins
  4 kobolds
  A ball python (D:4)
  2 goblins (Bailey)
  A hobgoblin zombie (D:4)
  3 jackals
  A quokka zombie (D:5)
  3 rats
  8 butterflies
  4 fungi
  7 plants
634 creatures vanquished.

Vanquished Creatures (others)
  An Orb Guardian (Zot:5)
  A titan (Depths:5)
  A Killer Klown zombie (Zot:5)
  3 very ugly thing zombies
  2 titan zombies (Vaults:5)
  6 storm dragon zombies
  A deep elf knight (Elf:3)
  2 storm dragon skeletons (Zot:5)
  3 golden dragon zombies (Zot:5)
  3 anaconda zombies
  2 anaconda skeletons (Snake:4)
  2 shadow dragon zombies
  2 wolf spider zombies (Vaults:1)
  8 ugly thing zombies
  2 frost giant zombies
  9 draconian zombies (Zot:5)
  3 stone giant zombies
  4 fire giant zombies
  An iron dragon skeleton (Vaults:5)
  4 shock serpent zombies
  A dire elephant zombie (Depths:5)
  2 moths of wrath (Zot:5)
  2 minotaur zombies
  A deep dwarf zombie (Vaults:2)
  A draconian skeleton (Zot:5)
  3 grey draconian zombies (Zot:5)
  2 white draconian zombies (Zot:5)
  A purple draconian zombie (Zot:5)
  3 death yak zombies (Depths:2)
  An emperor scorpion zombie (Depths:5)
  A mottled draconian zombie (Zot:5)
  2 green draconian zombies (Zot:5)
  4 red draconian zombies (Zot:5)
  3 black draconian zombies (Zot:5)
  A naga mage (Snake:5)
  A swamp worm zombie (Swamp:4)
  4 redback zombies (Vaults:3)
  4 pale draconian zombies (Zot:5)
  A tengu conjurer (D:15)
  A hydra zombie (Swamp:4)
  2 death yak skeletons (Depths:2)
  17 moth of wrath zombies
  An ettin zombie (Vaults:5)
  4 griffon zombies
  8 ice dragon zombies
  A red wasp zombie (Swamp:3)
  5 fire dragon zombies
  6 guardian serpent zombies (Snake:5)
  A raven (Swamp:5)
  12 black mamba zombies
  2 tarantellas (Elf:3)
  2 fire dragon skeletons
  2 elf skeletons
  A water elemental (Elf:3)
  2 spriggan zombies (Swamp:3)
  3 humans (Swamp:4)
  An ice dragon skeleton (Zot:1)
  2 giant leech zombies
  4 hill giant zombies
  2 deep elf fighters (Elf:3)
  A raven zombie (Swamp:5)
  A hill giant skeleton (D:7)
  9 deep troll zombies
  A naga (Snake:5)
  6 spiny frog zombies
  A deep troll skeleton (Vaults:5)
  A yellow wasp (Lair:4)
  23 elf zombies
  2 swamp dragon zombies (Swamp:5)
  11 elephant zombies
  22 elephant skeletons (Lair:1)
  2 fire drake zombies
  6 vampire mosquito zombies
  A torpor snail zombie (Lair:8)
  2 komodo dragon zombies
  2 blink frog skeletons (Lair:1)
  48 human zombies
  4 salamander zombies
  28 yaktaur zombies
  A fire drake skeleton (Lair:8)
  2 cyclops zombies (Vaults:5)
  8 water moccasin zombies
  A cyclops skeleton (Vaults:5)
  A warg zombie (Vaults:1)
  A troll zombie (D:12)
  3 boulder beetle zombies
  A polar bear zombie (IceCv)
  3 tengu zombies
  8 yak zombies
  2 hippogriff zombies
  A killer bee (Lair:4)
  A yak skeleton (D:11)
  4 giant frog zombies
  11 centaur zombies
  An orc priest (D:11)
  A porcupine zombie (Lair:4)
  A two-headed ogre skeleton (Orc:4)
  3 yellow wasp zombies (Swamp:4)
  12 two-headed ogre zombies
  2 worker ants
  4 human skeletons
  A hound zombie (D:8)
  25 naga zombies
  A big kobold zombie (D:7)
  A crocodile zombie (Lair:8)
  A dwarf skeleton (D:7)
  A killer bee zombie (D:9)
  18 ogre zombies
  2 sky beast zombies
  2 naga skeletons
  3 worker ant zombies
  2 swamp drake zombies (Swamp:5)
  3 adder zombies
  4 iguana zombies
  3 sheep zombies
  An adder skeleton (D:3)
  7 orc skeletons
  2 bat skeletons
  9 bat zombies
  5 gnoll zombies
  A hobgoblin (D:7)
  3 river rat zombies
  A ball python skeleton (D:3)
  A bat (D:7)
  A bat simulacrum (Ossuary)
  A giant cockroach zombie (D:10)
  A giant newt skeleton (D:1)
  A giant spore (D:8)
  3 goblin skeletons
  9 goblin zombies
  2 hobgoblin skeletons
  7 hobgoblin zombies
  2 jackal skeletons
  7 kobold zombies
  44 orc zombies
  3 quokka zombies
  A rat skeleton (D:1)
  2 rat zombies
  A spectral goblin (Ossuary)
  A butterfly (Lair:4)
  13 fungi
  7 plants
623 creatures vanquished.

Grand Total: 3571 creatures vanquished

Notes
Turn   | Place    | Note
--------------------------------------------------------------
     0 | D:1      | MackTheKnife, the Demonspawn Necromancer, began the quest for the Orb.
     0 | D:1      | Reached XP level 1. HP: 13/13 MP: 3/3
    22 | D:1      | Learned a level 1 spell: Animate Skeleton
    84 | D:1      | HP: 2/13 [ooze (5)]
   686 | D:1      | Gained mutation: You have sharp toenails. [demonic ancestry]
   686 | D:1      | Reached XP level 2. HP: 8/19 MP: 2/4
  1703 | D:1      | Reached skill level 5 in Necromancy
  1703 | D:1      | HP: 3/19 [hobgoblin/club (4)]
  2296 | D:2      | Gained mutation: You are partially covered in molten scales (AC +1). [demonic ancestry]
  2296 | D:2      | Reached XP level 3. HP: 24/24 MP: 4/6
  2382 | D:2      | Learned a level 3 spell: Regeneration
  2404 | D:2      | HP: 3/24 [worm (8)]
  2736 | D:1      | HP: 5/24 [worm (4)]
  3059 | D:2      | Found a radiant altar of Vehumet.
  3081 | D:2      | Reached skill level 3 in Spellcasting
  3550 | D:2      | Gained mutation: You are slightly more attuned to the shadows. [demonic ancestry]
  3550 | D:2      | Reached XP level 4. HP: 30/30 MP: 9/9
  3669 | D:2      | Noticed Ijyb
  3687 | D:2      | Killed Ijyb
  3887 | D:2      | Found a shimmering altar of Xom.
  3887 | D:2      | Found a burning altar of Makhleb.
  4264 | D:3      | Learned a level 3 spell: Vampiric Draining
  4363 | D:3      | HP: 6/30 [poisoned by an adder]
  4371 | D:3      | HP: 5/30 [poisoned by an adder]
  4720 | D:3      | Reached XP level 5. HP: 30/35 MP: 7/11
  5012 | D:3      | Reached skill level 6 in Necromancy
  5088 | D:3      | Reached skill level 4 in Spellcasting
  6049 | D:4      | Gained mutation: You are immune to rotting. [demonic ancestry]
  6049 | D:4      | Reached XP level 6. HP: 22/42 MP: 13/15
  6106 | D:4      | Learned a level 4 spell: Animate Dead
  6151 | D:4      | Found a sand-covered staircase.
  6182 | D:4      | Reached skill level 1 in Fighting
  6186 | Ossuary  | Entered an ossuary
  7096 | Ossuary  | HP: 11/44 [bat simulacrum (1)]
  7097 | Ossuary  | HP: 5/44 [bat simulacrum (2)]
  7101 | Ossuary  | Gained mutation: You can spit poison. [potion of mutation]
  7101 | Ossuary  | Gained mutation: Your spells are a little harder to cast, but a little more powerful. [potion of mutation]
  7101 | Ossuary  | Gained mutation: Your flesh is cold resistant. [potion of mutation]
  7114 | Ossuary  | HP: 11/44 [big kobold zombie (1)]
  7420 | Ossuary  | Reached skill level 2 in Fighting
  7527 | Ossuary  | Reached skill level 7 in Necromancy
  8111 | D:4      | Found a bloodstained altar of Trog.
  8181 | D:4      | Gained mutation: You have razor-sharp toenails. [demonic ancestry]
  8181 | D:4      | Reached XP level 7. HP: 45/51 MP: 7/17
  8363 | D:4      | Found a stormy altar of Qazlal.
  8423 | D:4      | Found a shattered altar of Ashenzari.
  8424 | D:4      | Found a bloodstained altar of Trog.
  8425 | D:4      | Found a basalt altar of Yredelemnul.
  8428 | D:4      | Found an iron altar of Okawaru.
  8453 | D:5      | Entered Level 5 of the Dungeon
  8485 | D:5      | Reached skill level 3 in Fighting
  9231 | D:5      | Reached skill level 8 in Necromancy
  9285 | D:5      | Found a glowing golden altar of the Shining One.
  9308 | D:5      | Found a glowing silver altar of Zin.
  9340 | D:5      | Reached skill level 4 in Fighting
  9859 | D:5      | Gained mutation: You have claws for feet. [demonic ancestry]
  9859 | D:5      | Reached XP level 8. HP: 46/61 MP: 18/18
 10160 | D:6      | Found an opulent altar of Gozag.
 10180 | D:6      | Reached skill level 2 in Dodging
 10289 | D:6      | Noticed Eustachio
 10472 | D:6      | Found an ancient bone altar of Kikubaaqudgha.
 10478 | D:6      | Became a worshipper of Kikubaaqudgha
 10663 | D:6      | Reached skill level 3 in Dodging
 10663 | D:6      | Reached skill level 9 in Necromancy
 10815 | D:6      | Found a sacrificial altar of Ru.
 11135 | D:6      | Found a staircase to the Ecumenical Temple.
 11150 | D:6      | Killed Eustachio
 11150 | D:6      | Reached skill level 1 in Charms
 11353 | Temple   | Entered the Ecumenical Temple
 11664 | D:7      | Reached skill level 2 in Charms
 11850 | D:7      | Reached skill level 5 in Spellcasting
 11850 | D:7      | Gained mutation: You are significantly more attuned to the shadows. [demonic ancestry]
 11850 | D:7      | Reached XP level 9. HP: 64/67 MP: 13/21
 11878 | D:7      | Acquired Kikubaaqudgha's first power
 11878 | D:7      | Received a gift from Kikubaaqudgha
 11881 | D:7      | Identified Kikubaaqudgha's Almanac of Unholy Rituals (Kikubaaqudgha gifted it to you on level 7 of the Dungeon)
 11887 | D:7      | Learned a level 4 spell: Control Undead
 11892 | D:7      | Noticed a hill giant
 12042 | D:7      | Reached skill level 10 in Necromancy
 12070 | D:7      | Noticed a cyan ugly thing
 12073 | D:7      | Reached skill level 3 in Charms
 13023 | D:7      | Killed a hill giant
 13023 | D:7      | Reached skill level 6 in Spellcasting
 13023 | D:7      | Reached skill level 4 in Charms
 13907 | D:8      | Noticed a fire drake
 13914 | D:8      | Killed a fire drake
 13914 | D:8      | Reached skill level 5 in Fighting
 13914 | D:8      | Reached skill level 4 in Dodging
 13914 | D:8      | Gained mutation: You are mostly covered in molten scales (AC +3, EV -1). [demonic ancestry]
 13914 | D:8      | Reached XP level 10. HP: 58/74 MP: 12/24
 13915 | D:8      | Found a staircase to the Lair.
 14084 | D:8      | Acquired Kikubaaqudgha's second power
 14144 | D:8      | Got a twisted leather armour
 14169 | D:8      | Identified the +1 leather armour of Purpose {Int+2 Dex+2} (You found it on level 8 of the Dungeon)
 14170 | D:8      | Upgraded the game from 0.16-a0-2736-g1697cd3 to 0.16-a0-2757-g883b90a
 14744 | D:9      | Reached skill level 6 in Fighting
 14780 | D:9      | Reached skill level 5 in Dodging
 14855 | D:9      | Found a flagged portal.
 14957 | Bailey   | Entered a bailey
 15712 | Bailey   | HP: 15/77 [orc warrior/war axe (7)]
 15722 | D:9      | HP: 2/77 [orc warrior/war axe (16)]
 15827 | D:9      | Got a coiled lapis lazuli ring
 15937 | D:9      | Learned a level 3 spell: Ozocubu's Armour
 16000 | D:9      | Noticed a cyclops
 16002 | D:9      | Reached skill level 1 in Ice Magic
 16014 | D:9      | Killed a cyclops
 16014 | D:9      | Reached skill level 5 in Charms
 16014 | D:9      | Reached skill level 2 in Ice Magic
 16849 | D:9      | Received a gift from Kikubaaqudgha
 16850 | D:9      | Identified Kikubaaqudgha's Compendium of Black Rites (Kikubaaqudgha gifted it to you on level 9 of the Dungeon)
 17156 | D:10     | Entered Level 10 of the Dungeon
 17167 | D:10     | Found a large runed door.
 17169 | D:10     | Found a large runed door.
 17519 | D:10     | Reached skill level 3 in Ice Magic
 17756 | D:10     | Found a staircase to the Orcish Mines.
 17805 | D:10     | Lost mutation: You can spit poison. [potion of cure mutation]
 17805 | D:10     | Lost mutation: Your spells are a little harder to cast, but a little more powerful. [potion of cure mutation]
 17805 | D:10     | Lost mutation: Your flesh is cold resistant. [potion of cure mutation]
 18080 | D:10     | Identified the ring of Xom's Pride {+/*Tele Contam rC+ MR+} (You took it off an orc warrior on level 9 of the Dungeon)
 18209 | D:10     | Reached skill level 7 in Fighting
 18209 | D:10     | Reached skill level 6 in Dodging
 18333 | D:10     | HP: 19/79 [electric eel/bolt of electricity (11)]
 18774 | D:10     | Noticed Psyche
 18791 | D:10     | Killed Psyche
 19081 | D:10     | Reached XP level 11. HP: 64/84 MP: 1/25
 19093 | D:10     | HP: 12/84 [orc warrior/glaive (11)]
 19378 | D:9      | Learned a level 5 spell: Bolt of Draining
 19393 | D:10     | Reached skill level 11 in Necromancy
 19570 | D:10     | Reached skill level 1 in Conjurations
 20303 | D:10     | Reached skill level 2 in Conjurations
 20319 | D:10     | HP: 12/84 [earth elemental (25)]
 20929 | Lair:1   | Entered Level 1 of the Lair of Beasts
 21212 | Lair:1   | Reached skill level 3 in Conjurations
 21311 | Lair:1   | Noticed a seven-headed hydra
 21547 | Lair:1   | Reached skill level 4 in Conjurations
 21557 | Lair:1   | Reached skill level 12 in Necromancy
 21564 | Lair:1   | Acquired Kikubaaqudgha's third power
 21564 | Lair:1   | Reached skill level 5 in Conjurations
 21842 | Lair:1   | Killed a seven-headed hydra
 22539 | Lair:1   | Reached skill level 6 in Conjurations
 22611 | Lair:1   | Got a shimmering ruby amulet
 22798 | Lair:1   | Identified the amulet "Duyconeth" {rCorr Str+2 Dex+5} (You found it on level 1 of the Lair of Beasts)
 23202 | Lair:1   | Reached skill level 7 in Dodging
 23225 | Lair:1   | HP: 21/84 [elephant (13)]
 23595 | Lair:2   | Reached XP level 12. HP: 91/91 MP: 20/26
 24261 | Lair:2   | Reached skill level 8 in Dodging
 24517 | Lair:2   | Noticed a four-headed hydra
 24521 | Lair:2   | Killed a four-headed hydra
 24803 | Lair:2   | Reached skill level 1 in Short Blades
 24803 | Lair:2   | Reached skill level 9 in Dodging
 25176 | Lair:3   | Reached skill level 2 in Short Blades
 25412 | Lair:3   | Found a staircase to the Snake Pit.
 25442 | Lair:3   | Reached skill level 3 in Short Blades
 25548 | Lair:3   | Acquired Kikubaaqudgha's fourth power
 25809 | Lair:3   | Reached skill level 4 in Short Blades
 26453 | Lair:4   | Reached skill level 5 in Short Blades
 26702 | Lair:4   | Reached skill level 6 in Short Blades
 26721 | Lair:4   | Found a labyrinth entrance.
 26728 | Lab      | Entered a labyrinth
 27090 | Lab      | Noticed a minotaur
 27100 | Lab      | Killed a minotaur
 27107 | Lab      | Identified the Tome of Cloudy Battle Magic
 27114 | Lab      | Identified a +2 rod of destruction (14/14) (You found it in a labyrinth)
 27233 | Lab      | Identified a +3 rod of the swarm (14/14) {!a} (You took it off a minotaur in a labyrinth)
 27254 | Lair:4   | Reached skill level 7 in Short Blades
 27941 | Lair:4   | Noticed a six-headed hydra
 28026 | Lair:4   | Killed a six-headed hydra
 28026 | Lair:4   | Reached skill level 8 in Short Blades
 28509 | Lair:4   | Gained mutation: You emit a foul stench. [demonic ancestry]
 28509 | Lair:4   | Reached XP level 13. HP: 93/96 MP: 7/27
 28997 | Lair:5   | Found a staircase to the Snake Pit.
 29183 | Lair:5   | Reached skill level 8 in Fighting
 30088 | Lair:5   | Reached skill level 10 in Dodging
 30296 | Lair:5   | Reached skill level 9 in Fighting
 31035 | Lair:6   | Found a staircase to the Swamp.
 31449 | Lair:6   | Noticed Erica
 31459 | Lair:6   | Killed Erica
 32038 | Lair:7   | Noticed Fannar
 32046 | Lair:7   | Killed Fannar
 32203 | Lair:7   | Reached skill level 10 in Fighting
 32581 | Lair:7   | Reached skill level 11 in Dodging
 32841 | Lair:7   | Found a staircase to the Slime Pits.
 33153 | Lair:7   | Reached XP level 14. HP: 109/111 MP: 12/28
 33329 | Lair:7   | Reached skill level 2 in Stealth
 33635 | Lair:7   | Reached skill level 3 in Stealth
 33810 | Lair:8   | Entered Level 8 of the Lair of Beasts
 33879 | Lair:8   | Reached skill level 4 in Stealth
 34125 | Lair:8   | Reached skill level 5 in Stealth
 34382 | Lair:8   | Reached skill level 6 in Stealth
 35053 | Lair:8   | Reached skill level 7 in Stealth
 35258 | Lair:8   | Reached skill level 8 in Stealth
 35743 | Lair:8   | Reached skill level 9 in Stealth
 36311 | D:6      | Killed a cyan ugly thing
 36494 | D:6      | Identified a +2 rapier of pain (a +0 rapier bloodied by Kikubaaqudgha)
 36831 | Orc:1    | Entered Level 1 of the Orcish Mines
 36909 | Orc:1    | Found a roughly hewn altar of Beogh.
 37421 | Orc:2    | Noticed Harold
 37432 | Orc:2    | Killed Harold
 37648 | Orc:3    | Found Klyar's General Store.
 37699 | Orc:3    | Bought a scroll of identify for 30 gold pieces
 37699 | Orc:3    | Bought a cursed amulet of inaccuracy for 30 gold pieces
 37701 | Orc:3    | Bought a scroll of identify for 30 gold pieces
 37765 | Orc:3    | Noticed Nergalle
 37772 | Orc:3    | Killed Nergalle
 38241 | Orc:1    | Reached skill level 7 in Spellcasting
 38703 | Orc:4    | Entered Level 4 of the Orcish Mines
 38903 | Orc:4    | Noticed Grum
 38909 | Orc:4    | Killed Grum
 39076 | Orc:4    | Found a glowing golden altar of the Shining One.
 39124 | Orc:4    | Found Usilas' Antique Armour Shop.
 39124 | Orc:4    | Found Otaobax's Weapon Shoppe.
 39124 | Orc:4    | Found Shrefenn's Food Shoppe.
 39206 | Orc:4    | Reached skill level 8 in Spellcasting
 39214 | Orc:4    | Found Gruwn's General Store.
 39250 | Orc:4    | Bought a pair of gloves for 121 gold pieces
 39259 | Orc:4    | Bought a potion of heal wounds for 75 gold pieces
 39259 | Orc:4    | Bought a scroll of enchant weapon for 112 gold pieces
 39283 | Orc:4    | Bought a meat ration for 60 gold pieces
 39283 | Orc:4    | Bought a meat ration for 60 gold pieces
 39283 | Orc:4    | Bought a meat ration for 60 gold pieces
 39536 | Orc:3    | Found a staircase to the Elven Halls.
 39566 | Orc:3    | Reached XP level 15. HP: 71/117 MP: 18/31
 40041 | D:11     | Reached skill level 9 in Spellcasting
 40188 | D:11     | Noticed Urug
 40453 | D:11     | Found a frozen archway.
 40463 | IceCv    | Entered an ice cave
 40735 | IceCv    | HP: 24/117 [ice statue] (14)]
 41709 | D:11     | Killed Urug
 41709 | D:11     | Reached skill level 10 in Spellcasting
 41850 | D:12     | Gained mutation: Your system is resistant to poisons. [potion of beneficial mutation]
 42149 | D:12     | Got a crystal short sword
 42341 | D:12     | Identified the +8 short sword of Strowo {flame, SInv} (You found it on level 12 of the Dungeon)
 42593 | D:12     | Reached skill level 13 in Necromancy
 43510 | D:13     | Found Kotasyov's Armour Emporium.
 43519 | D:13     | Bought the +0 pair of gloves of the Sailor {Str+4 Int+4} for 339 gold pieces
 44538 | D:14     | Reached skill level 9 in Short Blades
 44743 | D:14     | Found a gate to the Vaults.
 45279 | D:15     | Entered Level 15 of the Dungeon
 45712 | D:15     | Found a staircase to the Depths.
 46168 | D:15     | Reached skill level 10 in Short Blades
 46320 | D:15     | Found a glowing silver altar of Zin.
 46332 | D:15     | Gained mutation: Your mind is acute. (Int +2) [potion of beneficial mutation]
 46982 | D:15     | Noticed Jessica
 46993 | D:15     | Found a deep blue altar of Sif Muna.
 47011 | D:15     | Killed Jessica
 47059 | D:15     | Found a portal to a secret trove of treasure.
 47378 | D:15     | Reached skill level 11 in Short Blades
 48067 | Lair:2   | Learned a level 6 spell: Haste
 48073 | Lair:2   | Learned a level 5 spell: Dispel Undead
 48243 | Snake:1  | Entered Level 1 of the Snake Pit
 48291 | Snake:1  | Reached skill level 6 in Charms
 48437 | Snake:1  | Reached XP level 16. HP: 124/124 MP: 33/33
 48599 | Snake:1  | Reached skill level 7 in Charms
 48863 | Snake:1  | Noticed Nessos
 48866 | Snake:1  | Killed Nessos
 49348 | Snake:2  | Reached skill level 8 in Charms
 49622 | Snake:2  | Found an iron altar of Okawaru.
 50386 | Snake:2  | Reached skill level 9 in Charms
 52110 | Snake:4  | Reached skill level 10 in Charms
 52961 | Snake:4  | Reached skill level 11 in Charms
 54099 | Snake:4  | Reached skill level 12 in Charms
 54243 | Snake:5  | Entered Level 5 of the Snake Pit
 54603 | Snake:5  | Gained mutation: You are completely attuned to the shadows. [demonic ancestry]
 54603 | Snake:5  | Reached XP level 17. HP: 116/130 MP: 8/34
 55039 | Snake:5  | Noticed RobertPalmer's ghost (mighty DsTm)
 55076 | Snake:5  | Killed RobertPalmer's ghost
 55076 | Snake:5  | Reached skill level 11 in Fighting
 55858 | Snake:5  | HP: 32/131 [black mamba (11)]
 56403 | Snake:5  | HP: 26/131 [naga sharpshooter/arrow (22)]
 56470 | Snake:5  | HP: 32/131 [poisoned by a greater naga (bolt of poison)]
 56475 | Snake:4  | HP: 29/131 [poisoned by a greater naga (bolt of poison)]
 56481 | Snake:4  | HP: 27/131 [poisoned by a greater naga (bolt of poison)]
 56488 | Snake:4  | HP: 26/131 [poisoned by a greater naga (bolt of poison)]
 56495 | Snake:4  | HP: 26/131 [poisoned by a greater naga (bolt of poison)]
 56503 | Snake:4  | HP: 27/131 [poisoned by a greater naga (bolt of poison)]
 56935 | Snake:5  | Reached skill level 12 in Dodging
 56997 | Snake:5  | Got a serpentine rune of Zot
 57624 | Swamp:1  | Entered Level 1 of the Swamp
 57704 | Swamp:1  | Noticed Sonja
 57711 | Swamp:1  | Killed Sonja
 57844 | Swamp:1  | Reached skill level 10 in Stealth
 58375 | Swamp:2  | Reached skill level 11 in Stealth
 59218 | Swamp:3  | Learned a level 2 spell: Cure Poison
 60032 | Swamp:4  | Reached skill level 12 in Short Blades
 60134 | Swamp:4  | Reached skill level 12 in Stealth
 60218 | Swamp:4  | Noticed Kirke
 60228 | Swamp:4  | Killed Kirke
 60248 | Swamp:4  | Reached XP level 18. HP: 113/140 MP: 21/34
 60865 | Swamp:5  | Entered Level 5 of the Swamp
 60882 | Swamp:5  | HP: 30/140 [seven-headed hydra (10)]
 61406 | Swamp:5  | Identified a scroll of acquirement
 61413 | Swamp:5  | Got a crude helmet
 61414 | Swamp:5  | Identified the +2 helmet "Zozievoo" {Int+4} (You acquired it on level 5 of the Swamp)
 61455 | Swamp:5  | Got a decaying rune of Zot
 62311 | Vaults:1 | Entered Level 1 of the Vaults
 62980 | Vaults:1 | Reached skill level 13 in Stealth
 63053 | Vaults:1 | Found Brohir's Antique Weapon Emporium.
 63059 | Vaults:1 | Reached skill level 13 in Short Blades
 64645 | Vaults:1 | Got a crude great mace
 64646 | Vaults:1 | Identified the +9 great mace of a bazaar {flame, rC+ SInv} (You found it on level 1 of the Vaults)
 65012 | Vaults:1 | Reached skill level 14 in Stealth
 65422 | Elf:1    | Entered Level 1 of the Elven Halls
 65634 | Elf:1    | Found a huge runed gate.
 65634 | Elf:1    | Found a huge runed gate.
 65634 | Elf:1    | Found a huge runed gate.
 65636 | Elf:1    | Found a huge runed gate.
 65637 | Elf:1    | Found a huge runed gate.
 65638 | Elf:1    | Found a huge runed gate.
 65640 | Elf:1    | Found a huge runed gate.
 65640 | Elf:1    | Found a huge runed gate.
 65640 | Elf:1    | Found a huge runed gate.
 65725 | Elf:1    | Found a huge runed gate.
 65725 | Elf:1    | Found a huge runed gate.
 65725 | Elf:1    | Found a huge runed gate.
 65726 | Elf:1    | Found a huge runed gate.
 65735 | Elf:1    | Found a huge runed gate.
 65744 | Elf:1    | Found a huge runed gate.
 65745 | Elf:1    | Found a huge runed gate.
 65746 | Elf:1    | Found a huge runed gate.
 65747 | Elf:1    | Found a huge runed gate.
 65924 | Elf:1    | Found a huge runed gate.
 65929 | Elf:1    | Found a huge runed gate.
 65929 | Elf:1    | Found a huge runed gate.
 65929 | Elf:1    | Found a huge runed gate.
 65933 | Elf:1    | Found a huge runed gate.
 65934 | Elf:1    | Found a huge runed gate.
 65935 | Elf:1    | Found a huge runed gate.
 65935 | Elf:1    | Found a huge runed gate.
 65936 | Elf:1    | Found a huge runed gate.
 65939 | Elf:1    | Found a huge runed gate.
 65940 | Elf:1    | Found a huge runed gate.
 66125 | Elf:1    | Reached skill level 14 in Short Blades
 66255 | Elf:1    | Found a huge runed gate.
 66256 | Elf:1    | Found a huge runed gate.
 66375 | Elf:2    | Reached skill level 14 in Necromancy
 66386 | Elf:2    | Identified a +1 lightning rod (12/12) (You found it on level 2 of the Elven Halls)
 66416 | Elf:2    | Found Dautom's Book Emporium.
 66514 | Elf:2    | Found a runed gate.
 66514 | Elf:2    | Found a runed gate.
 66514 | Elf:2    | Found a runed gate.
 66582 | Elf:2    | Gained mutation: You are completely covered in molten scales (AC +4, EV -1, rF+). [demonic ancestry]
 66582 | Elf:2    | Reached XP level 19. HP: 146/146 MP: 35/35
 66753 | Elf:3    | Entered Level 3 of the Elven Halls
 66770 | Elf:3    | Found a magical portal.
 66777 | WizLab   | Entered Zonguldrok's Shrine
 67501 | WizLab   | Noticed an antique lich
 67505 | WizLab   | Killed an antique lich
 67505 | WizLab   | Reached skill level 15 in Stealth
 67565 | WizLab   | Learned a level 3 spell: Flight
 67774 | Elf:3    | Found Twox's Distillery.
 67797 | Elf:3    | Bought a potion of curing for 51 gold pieces
 67797 | Elf:3    | Bought a potion of curing for 51 gold pieces
 67797 | Elf:3    | Bought a potion of curing for 51 gold pieces
 67797 | Elf:3    | Bought a potion of curing for 51 gold pieces
 68187 | Elf:3    | Reached skill level 15 in Necromancy
 68370 | Elf:3    | Reached skill level 1 in Shields
 68797 | Elf:3    | Reached skill level 2 in Shields
 69121 | Elf:3    | Reached skill level 3 in Shields
 69308 | Elf:3    | Got a scorched leather armour
 69333 | Elf:3    | Identified the +3 leather armour "Crerph" {Str+3 Dex+1} (You took it off a deep elf annihilator on level 3 of the Elven Halls)
 69414 | Elf:3    | Reached skill level 4 in Shields
 69901 | Elf:3    | Identified the Compendium of Companions (You found it on level 3 of the Elven Halls)
 69935 | Elf:3    | Identified the Tome of Enchantment and Evil Arts
 69940 | Elf:3    | Identified the Disquisition on the Voyage
 69999 | Elf:3    | Learned a level 6 spell: Simulacrum
 70012 | Elf:3    | Got a translucent hand crossbow
 70013 | Elf:3    | Identified the +5 hand crossbow of Daaffa {venom, rElec Stlth++} (You found it on level 3 of the Elven Halls)
 70552 | Vaults:2 | Noticed Jorgrun
 70556 | Vaults:2 | Killed Jorgrun
 70556 | Vaults:2 | Reached skill level 5 in Shields
 70873 | Vaults:2 | Reached skill level 4 in Ice Magic
 71023 | Vaults:2 | Reached skill level 5 in Ice Magic
 71311 | Vaults:2 | Reached skill level 6 in Ice Magic
 71574 | Vaults:2 | Noticed Mennas
 71624 | Vaults:2 | Noticed Xtahua
 71629 | Vaults:2 | Killed Xtahua
 71840 | Vaults:2 | Reached skill level 7 in Ice Magic
 72090 | Vaults:2 | Found a staircase to the Crypt.
 72141 | Vaults:2 | Gained mutation: Your flesh is cold resistant. [demonic ancestry]
 72141 | Vaults:2 | Reached XP level 20. HP: 133/152 MP: 2/36
 72353 | Vaults:2 | Noticed Asterion
 72365 | Vaults:2 | Killed Asterion
 72539 | Vaults:2 | Reached skill level 8 in Ice Magic
 72777 | Vaults:2 | Your ally Jorgrun died
 72778 | Vaults:2 | Noticed Aizul
 72798 | Vaults:2 | Killed Aizul
 73180 | Vaults:2 | Noticed Sojobo
 73190 | Vaults:2 | Killed Sojobo
 73190 | Vaults:2 | Reached skill level 12 in Fighting
 73818 | Vaults:2 | Reached skill level 16 in Stealth
 73831 | Vaults:2 | Your ally Asterion died
 74925 | D:15     | You paid a toll of 18 potions of curing to enter a treasure trove
 74926 | Trove    | Entered a treasure trove
 74931 | Trove    | Got a crude emerald amulet
 74932 | Trove    | Identified the amulet of Niamior {Str-3 Dex+3 Regen} (You found it in a treasure trove)
 74960 | Trove    | Got a coiled silver ring
 74961 | Trove    | Identified the ring "Zucliun" {+Fly Int+2} (You found it in a treasure trove)
 74979 | Trove    | Got a transparent turquoise ring
 74980 | Trove    | Identified a ring of Amelioration {Ice +Blink rElec Stlth-} (You found it in a treasure trove)
 75207 | Vaults:3 | Reached skill level 17 in Stealth
 75216 | Vaults:3 | Reached skill level 13 in Fighting
 76027 | Vaults:3 | HP: 36/157 [tengu reaver/bolt of lightning (37)]
 76966 | Vaults:3 | Reached skill level 18 in Stealth
 77707 | Lair:2   | Learned a level 5 spell: Cigotuvi's Embrace
 77967 | Depths:1 | Entered Level 1 of the Depths
 78090 | Depths:2 | Found a gateway to Hell.
 78148 | Depths:2 | Reached skill level 1 in Armour
 78271 | Depths:2 | Reached skill level 2 in Armour
 78282 | Depths:2 | Identified a +0 iron rod (9/9) (You took it off a minotaur on level 2 of the Depths)
 78308 | Depths:2 | Reached skill level 3 in Armour
 78308 | Depths:2 | Gained mutation: You are immune to freezing clouds. [demonic ancestry]
 78308 | Depths:2 | Reached XP level 21. HP: 137/164 MP: 12/36
 78371 | Depths:2 | Found a runed gate.
 78371 | Depths:2 | Found a runed gate.
 78371 | Depths:2 | Found a runed gate.
 78419 | Depths:2 | Reached skill level 4 in Armour
 78483 | Depths:2 | Reached skill level 5 in Armour
 78484 | Depths:2 | Found a runed gate.
 78484 | Depths:2 | Found a runed gate.
 78486 | Depths:2 | Found a runed gate.
 78758 | Depths:2 | Reached skill level 6 in Armour
 79126 | Depths:2 | Found a corrupted altar of Lugonu.
 79126 | Depths:2 | Found a one-way gate to the infinite horrors of the Abyss.
 79176 | Depths:2 | Reached skill level 7 in Armour
 79659 | Depths:1 | Found a gateway to a ziggurat.
 79675 | Depths:1 | Reached skill level 8 in Armour
 80329 | Depths:1 | Reached skill level 9 in Armour
 80814 | Depths:1 | Reached skill level 10 in Armour
 81241 | Depths:3 | Found a one-way gate leading to the halls of Pandemonium.
 81482 | Depths:3 | Reached skill level 14 in Fighting
 82594 | Depths:4 | Reached XP level 22. HP: 173/173 MP: 12/37
 82958 | Depths:4 | Noticed the Enchantress
 82975 | Depths:3 | Killed the Enchantress
 82977 | Depths:3 | Got a faerie dragon armour
 82989 | Depths:3 | Identified the +5 faerie dragon armour {Str+5 Int+1} (You took it off the Enchantress on level 3 of the Depths)
 83599 | Depths:4 | Learned a level 6 spell: Freezing Cloud
 83709 | Depths:4 | Reached skill level 1 in Air Magic
 83741 | Depths:4 | Reached skill level 9 in Ice Magic
 83746 | Depths:4 | Reached skill level 7 in Conjurations
 83877 | Depths:4 | Reached skill level 2 in Air Magic
 84537 | Depths:4 | Reached skill level 3 in Air Magic
 84610 | Depths:4 | Identified the Volume of Talismans and the Mountains
 84837 | Depths:5 | Entered Level 5 of the Depths
 84846 | Depths:5 | Got a translucent bone amulet
 84847 | Depths:5 | Identified the amulet "Pnuz" {rCorr rF- Dex+2 Slay+3} (You acquired it on level 5 of the Depths)
 84853 | Depths:5 | Found a flickering gateway to a bazaar.
 84858 | Bazaar   | Entered a bazaar
 84858 | Bazaar   | Found Usacs' General Store.
 84862 | Bazaar   | Bought a scroll of magic mapping for 31 gold pieces
 84862 | Bazaar   | Bought a meat ration for 45 gold pieces
 84862 | Bazaar   | Bought a bread ration for 45 gold pieces
 84880 | Bazaar   | Found Uti Qiutt's Antique Weapon Shop.
 84890 | Bazaar   | Found Nuoxt's Jewellery Emporium.
 84896 | Bazaar   | Bought the ring "Rotez" {rF++ rN+ MR++ MP+9 SInv} for 429 gold pieces
 84896 | Bazaar   | Bought the ring "Zoymeh" {Int+6 Dex+4} for 517 gold pieces
 84896 | Bazaar   | Bought the macabre finger necklace {Ward rN+} for 154 gold pieces
 84940 | Bazaar   | Found Stralumi's Distillery.
 84945 | Bazaar   | Bought a potion of curing for 36 gold pieces
 84945 | Bazaar   | Bought a potion of curing for 36 gold pieces
 84945 | Bazaar   | Bought a potion of curing for 36 gold pieces
 84945 | Bazaar   | Bought a potion of curing for 36 gold pieces
 84945 | Bazaar   | Bought a potion of resistance for 120 gold pieces
 84945 | Bazaar   | Bought a potion of agility for 48 gold pieces
 84948 | Bazaar   | Found Zabiynk's Antique Armour Boutique.
 85034 | Depths:5 | Reached skill level 8 in Conjurations
 85063 | Depths:5 | Identified a -2 iron rod (14/14) (You found it on level 5 of the Depths)
 85181 | Depths:5 | Reached skill level 4 in Air Magic
 85385 | Depths:5 | Reached skill level 5 in Air Magic
 85452 | Depths:5 | Found a gate to the Realm of Zot.
 85463 | Depths:5 | Reached skill level 6 in Air Magic
 85511 | Depths:5 | Reached skill level 7 in Air Magic
 85789 | Depths:5 | Reached skill level 8 in Air Magic
 86155 | Depths:5 | Reached skill level 9 in Air Magic
 86190 | Depths:5 | Reached XP level 23. HP: 138/180 MP: 29/37
 87093 | Vaults:4 | Reached skill level 10 in Air Magic
 88001 | Vaults:4 | Reached skill level 11 in Air Magic
 88239 | Vaults:5 | Entered Level 5 of the Vaults
 88412 | Vaults:5 | Reached skill level 12 in Air Magic
 88566 | Vaults:5 | Reached skill level 10 in Ice Magic
 88708 | Vaults:5 | Reached skill level 9 in Conjurations
 89167 | Vaults:5 | Reached skill level 10 in Conjurations
 89287 | Vaults:5 | Reached skill level 11 in Ice Magic
 89289 | Vaults:5 | Got an ancient triple crossbow
 89766 | Vaults:5 | Upgraded the game from 0.16-a0-2757-g883b90a to 0.16-a0-2822-gb1d3efb
 89958 | Vaults:5 | Got a twisted buckler
 89959 | Vaults:5 | Identified the cursed +2 buckler of the Camelopard {Int+4 Dex+2} (You found it on level 5 of the Vaults)
 90146 | Vaults:5 | Reached XP level 24. HP: 165/187 MP: 34/38
 90196 | Vaults:5 | Reached skill level 12 in Ice Magic
 90238 | Vaults:5 | Reached skill level 11 in Spellcasting
 90250 | Vaults:5 | Got a silver rune of Zot
 91524 | Zot:1    | Entered Level 1 of the Realm of Zot
 91565 | Zot:1    | Reached skill level 16 in Necromancy
 92249 | Zot:1    | Reached skill level 12 in Spellcasting
 92841 | Zot:2    | Got a shimmering robe
 93054 | Zot:2    | Learned a level 8 spell: Borgnjor's Revivification
 93140 | Zot:2    | Reached skill level 17 in Necromancy
 93287 | Zot:3    | Reached skill level 13 in Spellcasting
 94438 | Zot:4    | Noticed an orb of fire
 94474 | Zot:4    | Killed an orb of fire
 94738 | Zot:4    | Reached skill level 18 in Necromancy
 94755 | Zot:4    | Reached XP level 25. HP: 161/193 MP: 41/41
 95343 | Zot:5    | Entered Level 5 of the Realm of Zot
 95768 | Zot:5    | Reached skill level 19 in Necromancy
 96063 | Zot:5    | Reached skill level 13 in Dodging
 96066 | Zot:5    | Noticed an orb of fire
 96068 | Zot:5    | Gained mutation: Potions and wands are less effective at restoring your health. [an orb of fire]
 96090 | Zot:5    | Killed an orb of fire
 96090 | Zot:5    | Reached skill level 15 in Fighting
 96120 | Zot:5    | Noticed an orb of fire
 96145 | Zot:5    | Noticed an orb of fire
 96212 | Zot:5    | Killed an orb of fire
 96503 | Zot:5    | Killed an orb of fire
 96621 | Zot:5    | Reached skill level 16 in Fighting
 96621 | Zot:5    | Reached skill level 14 in Dodging
 96709 | Zot:5    | Noticed an orb of fire
 96739 | Zot:5    | Killed an orb of fire
 96964 | Zot:5    | Noticed an orb of fire
 96969 | Zot:5    | Gained mutation: You have difficulty communicating with the divine. [an orb of fire]
 96984 | Zot:5    | Killed an orb of fire
 96985 | Zot:5    | Lost mutation: Your mind is acute. (Int +2) [potion of cure mutation]
 96985 | Zot:5    | Lost mutation: Potions and wands are less effective at restoring your health. [potion of cure mutation]
 96985 | Zot:5    | Lost mutation: Your system is resistant to poisons. [potion of cure mutation]
 96985 | Zot:5    | Lost mutation: You have difficulty communicating with the divine. [potion of cure mutation]
 96988 | Zot:5    | Noticed an orb of fire
 97003 | Zot:5    | Killed an orb of fire
 97177 | Zot:5    | Got the Orb of Zot
 97629 | D:$      | Escaped with the Orb!

Action                   |  1- 3 |  4- 6 |  7- 9 | 10-12 | 13-15 | 16-18 | 19-21 | 22-24 | 25-27 || total
-------------------------+-------+-------+-------+-------+-------+-------+-------+-------+-------++-------
Melee: Unarmed           |    22 |       |       |       |       |       |       |       |       ||    22
       Dagger            |    28 |       |   298 |   313 |   643 |       |       |       |       ||  1282
       Whip              |    50 |   617 |    49 |       |       |       |       |       |       ||   716
       Falchion          |       |       |    72 |    22 |       |       |       |       |       ||    94
       Scimitar          |       |       |       |   513 |       |       |       |       |       ||   513
       Rapier            |       |       |       |       |   986 |  1341 |  1571 |  1795 |   266 ||  5959
       Cutlass           |       |       |       |       |    21 |       |       |       |       ||    21
       Short sword       |       |       |       |       |   201 |    13 |    81 |       |       ||   295
 Fire: Blowgun           |       |       |    10 |     1 |       |       |       |       |       ||    11
 Cast: Pain              |    66 |    82 |   108 |    98 |       |       |       |       |       ||   354
       Animate Skeleton  |     9 |    12 |       |       |       |       |       |       |       ||    21
       Regeneration      |       |     4 |     5 |     4 |     9 |    21 |    24 |    15 |    12 ||    94
       Vampiric Draining |       |     7 |    32 |    70 |     2 |       |       |       |       ||   111
       Animate Dead      |       |     3 |    27 |    46 |    45 |    74 |    56 |    43 |    20 ||   314
       Control Undead    |       |       |     3 |     1 |    10 |       |       |       |       ||    14
       Ozocubu's Armour  |       |       |       |    11 |    14 |    32 |    28 |       |       ||    85
       Bolt of Draining  |       |       |       |    66 |   154 |   139 |    43 |    62 |    11 ||   475
       Haste             |       |       |       |       |       |     1 |    11 |     5 |     5 ||    22
       Cure Poison       |       |       |       |       |       |     1 |     3 |       |       ||     4
       Dispel Undead     |       |       |       |       |       |       |    57 |       |       ||    57
       Simulacrum        |       |       |       |       |       |       |     9 |    26 |     9 ||    44
       Cigotuvi's Embrac |       |       |       |       |       |       |     2 |    20 |       ||    22
       Flight            |       |       |       |       |       |       |       |     1 |       ||     1
       Freezing Cloud    |       |       |       |       |       |       |       |    19 |    12 ||    31
Invok: Receive Corpses   |       |       |       |     7 |     6 |    22 |    24 |    26 |    19 ||   104
Evoke: Wand              |       |       |     1 |     6 |     7 |     7 |     6 |     7 |    17 ||    51
       Rod               |       |       |       |    10 |     1 |     2 |     1 |       |       ||    14
       Lamp of fire      |       |       |       |       |       |     1 |       |     1 |       ||     2
       Phial of floods   |       |       |       |       |       |       |     1 |       |       ||     1
       Sack of spiders   |       |       |       |       |       |       |       |     1 |       ||     1
  Use: Scroll            |       |     8 |     8 |    10 |    23 |    20 |    24 |    18 |     9 ||   120
       Potion            |       |    11 |     2 |    10 |     3 |     4 |     8 |     1 |     5 ||    44
 Stab: Distracted        |     1 |     1 |     5 |     3 |    33 |    35 |    36 |    41 |    11 ||   166
       Sleeping          |       |     9 |    15 |    18 |    78 |   106 |   103 |    72 |     8 ||   409
       Invisible         |       |     1 |       |       |       |       |       |       |       ||     1
       Betrayed ally     |       |       |     1 |       |       |       |     5 |       |       ||     6
       Confused          |       |       |       |       |       |       |     1 |       |       ||     1
  Eat: Chunk             |     4 |    11 |    15 |    24 |    65 |    56 |    10 |    21 |       ||   206
       Bread ration      |     1 |     1 |     1 |     4 |     3 |       |     1 |     3 |     3 ||    17
       Beef jerky        |       |     1 |     2 |     2 |     4 |     3 |     1 |     1 |       ||    14
       Pizza             |       |     1 |       |     2 |     2 |     2 |     1 |     2 |       ||    10
       Fruit             |       |       |     2 |     2 |     3 |     1 |     2 |     3 |       ||    13
       Meat ration       |       |       |     1 |     6 |     3 |     3 |    11 |     4 |       ||    28
       Royal jelly       |       |       |       |     1 |       |       |     1 |       |       ||     2

Vault maps used:
D:1:      lightli_arrival_statue_moat, serial_forest,
          infiniplex_forest_straight_3, infiniplex_forest_lined_3,
          infiniplex_forest_lined_3_way, infiniplex_forest_diagonal,
          infiniplex_forest_clump_curved, infiniplex_forest_corner_2,
          infiniplex_forest_lined_room_2
D:2:      gammafunk_temple_overflow_elements, fiery_altar_vehumet,
          grunt_decor_mini_mirrors, kennysheep_pointless_box,
          minmay_item_behind_shaft, uniq_iyjb
D:3:      moated_statue, minivault_27
D:4:      minitemple, serial_forest, infiniplex_forest_clump_medium,
          infiniplex_forest_clump_small, infiniplex_forest_straight_3,
          infiniplex_forest_clump_medium, infiniplex_forest_lined_room_2,
          nicolae_ossuary_entry_giza, first_bread, trog_butcher_becter
D:5:      nicolae_overflow_hidden_temple, kennysheep_mini, goddamned_bats
D:6:      nicolae_ru_great_annihilating_truth, overflow_temple_1_default,
          lemuel_round_altar, temple_fountains, uniq_eustachio
D:7:      hangedman_cross_stitches, grunt_ogre_cave
D:8:      minmay_lair_entry_lava
D:9:      enter_bailey_8, special_room
D:10:     wad_river_or_something, david_orc_2, lightli_elemental_guards,
          uniq_psyche
D:11:     special_room, portal_ice_cave_entry_ice_statue_01, minmay_orc_keep,
          uniq_urug
D:12:     dragon1_lemuel
D:13:     serial_shops, shop_fountains, hangedman_decor_opposing
D:14:     david_vaults_2, kennysheep_potato
D:15:     gammafunk_depths_entry_grave, nicolae_trove_entry_path_of_doom,
          basic_altar, tgw_sif
Temple:   circular_temple_6
Lair:1:   mu_elephants_graveyard
Lair:3:   guppyfry_snake_entry_garden, serial_bayou_shore_a
Lair:4:   lab_entry_generic, minmay_lair_drake_nest
Lair:5:   minmay_snake_entry_six_corridors, serial_bayou_lagoon_b,
          infiniplex_staircase_pool
Lair:6:   swamp_mist, uniq_erica
Lair:7:   slime_dummy, lemuel_fruit_fields, uniq_fannar
Lair:8:   grunt_lair_end_beastmaster, serial_bayou_pond_a, st_stairs_7,
          nicolae_quartered_pool_little, serial_bayou_shore_b
Swamp:1:  nicolae_swamp_round_clearing, swamp_pool5, st_swamp_mini, uniq_sonja
Swamp:2:  nicolae_swamp_trees_clearing
Swamp:3:  cheibrodos_swamp_heart_of_darkness,
          nicolae_swamp_feature_on_the_river_bank, swamp_pool4
Swamp:4:  nicolae_swamp_fairy_circle, swamp_pool3, grunt_lady_of_the_lake,
          uniq_kirke
Swamp:5:  swamp_alternative
Snake:1:  nrook_guardian_serpent_snake_passage, grunt_megastairs_2, uniq_nessos
Snake:2:  basic_altar, serial_bayou_pond_c
Snake:3:  special_room
Snake:4:  st_stairs_7, hangedman_snake_corridor_cut, lemuel_fruit_tree,
          serial_bayou_shore_b
Snake:5:  grunt_snake_rune_serpentine_throne
Orc:1:    basic_altar
Orc:2:    uniq_harold
Orc:3:    serial_shops, shop, nicolae_orc_pool_cavern, uniq_nergalle
Orc:4:    basic_altar, st_orc_ogre_mass, uniq_grum
Elf:1:    minmay_elf_arrival_plus, minmay_elf_sorcery, hangedman_elven_pyramids,
          not_door_vault_mu, grunt_ministairs_14
Elf:2:    serial_shops, shop, uniq_saint_roka
Elf:3:    grunt_elf_hall_branching, mu_enter_wizlab_3, serial_shops, shop,
          wad_floor_pattern_untrapped
Vaults:1: hangedman_vaults_maws, v_misc_3, vaults_dpeg_cross,
          vaults_dpeg_diagonal, nicolae_vaults_good_morning_starshine,
          vaults_room_mumra_shop_pool, grunt_vaults_diagonal,
          ontoclasm_vaults_twist, vaults_room_grid, v_misc_8,
          ontoclasm_vaults_bender, ontoclasm_vaults_eye,
          vaults_mumra_chevron_long
Vaults:2: v_pattern_3, nicolae_vaults_statue_guard, v_misc_9, vaults_dpeg_hooks,
          minmay_crypt_entry_skeletal_spiral, nicolae_vaults_little_ls,
          nicolae_vaults_little_squares_6, uniq_jorgrun, uniq_aizul,
          uniq_asterion, uniq_sojobo, uniq_mennas, uniq_xtahua
Vaults:3: nicolae_vaults_octagons, vaults_mumra_minichess_inversion,
          nicolae_vaults_what_the_h, v_misc_17, hangedman_vaults_cutoff,
          hangedman_vaults_stagger, v_alt_pattern_1, vaults_mumra_hexcomb,
          v_misc_30
Vaults:4: hangedman_vaults_hat, nicolae_vaults_twisting_passages,
          grunt_vaults_twisty, v_alt_pattern_1,
          vaults_standard_mumra_enter_the_diamond, ontoclasm_vaults_ring_small,
          nicolae_vaults_alarming, hangedman_vaults_capsules, vaults_dpeg_ring,
          grunt_vaults_focal, nicolae_vaults_murderbox, vaults_mumra_lcd,
          ontoclasm_vaults_pinch
Vaults:5: serial_shops
Depths:1: enter_ziggurat_a, pf_coc_iceberg, minmay_misc_feat_square,
          nicolae_twisting_strands, evilmike_ambush
Depths:2: kennysheep_treasure_stockpile, abyss_entry_flame_altar,
          grunt_hell_entry_dis_mu, kennysheep_big_empty_room
Depths:3: minmay_tri_stars, grunt_metal_band, pan_entry,
          minmay_misc_feat_plants, infiniplex_staircase_river
Depths:4: abrahamwl_protected_by_tso_1, hellmouth_1, marbit_kobold_abyss_entry,
          grunt_decor_fettered, minmay_misc_feat_nine_boxes,
          serial_bayou_pond_a, infiniplex_staircase_diamond, uniq_enchantress
Depths:5: grunt_crosshair, serial_shops, bzr_entry_road, roderic_lattice_a,
          serial_sigils, serial_sigils_hangedman_leer,
          serial_sigils_hangedman_stare, serial_sigils_hangedman_gut,
          serial_sigils_hangedman_scratch, serial_sigils_hangedman_gnaw,
          hell_entry
Zot:1:    basic_loot_grate_trap
Lab:      nicolae_lab_grate
Bazaar:   bazaar_lake
Trove:    trove_jewel_2
Ossuary:  ossuary_zaba_two_paths
Bailey:   bailey_axe_minmay_hex_keep, bailey
IceCv:    ice_cave_statue_garden_02
WizLab:   wizlab_zonguldrok

Table legend:
 A = Turns spent in this place as a percentage of turns spent in the entire game.
 B = Non-inter-level travel turns spent in this place as a percentage of non-inter-level travel turns spent in the entire game.
 C = Inter-level travel turns spent in this place as a percentage of turns spent in this place.
 D = Turns resting spent in this place as a percentage of non-inter-level travel turns spent in this place.
 E = Turns spent auto-exploring this place as a percentage of non-inter-level travel turns spent in this place.
 F = Non-inter-level travel turns spent in this place divided by the number of levels of this place that you've seen.
                   A       B       C       D       E      F
               +-------+-------+-------+-------+-------+----------------------
         Total | 100.0 | 100.0 |   0.5 |   3.9 |   4.4 | 545.6
       Dungeon |  24.5 |  24.5 |   0.6 |   4.7 |   4.6 | 561.8
        Temple |   0.0 |   0.0 |  12.5 |   0.0 | 100.0 |   7.0
          Lair |  13.4 |  13.4 |   0.6 |   5.3 |   3.6 | 575.4
         Swamp |   7.1 |   7.1 |   0.4 |   2.0 |   1.1 | 488.4
     Snake Pit |   7.1 |   7.1 |   0.4 |   6.1 |   6.1 | 488.2
  Orcish Mines |   3.6 |   3.5 |   1.8 |   1.3 |  11.6 | 301.5
   Elven Halls |   4.1 |   4.1 |   0.2 |   2.4 |   7.3 | 468.0
        Vaults |  16.2 |  16.3 |   0.3 |   4.0 |   4.1 | 1118.2
        Depths |   9.6 |   9.6 |   0.5 |   2.0 |   5.8 | 662.4
           Zot |   7.6 |   7.7 |   0.1 |   3.4 |   3.0 | 527.2
     Labyrinth |   1.0 |   1.0 |   0.0 |   1.7 |   0.0 | 349.0
        Bazaar |   0.4 |   0.4 |   0.0 |   0.0 |   0.0 | 125.0
         Trove |   0.2 |   0.2 |   0.0 |   0.0 |   0.0 |  55.0
       Ossuary |   2.2 |   2.2 |   0.0 |   3.4 |   1.0 | 763.0
        Bailey |   1.0 |   1.0 |   0.0 |   2.9 |   0.0 | 343.0
      Ice Cave |   0.5 |   0.5 |   0.0 |   9.2 |   0.0 | 173.0
        Wizlab |   1.4 |   1.4 |   0.0 |   4.0 |   2.0 | 495.0
               +-------+-------+-------+-------+-------+----------------------

Table legend:
 A = Kills in this place as a percentage of kills in entire the game.
 B = Kills by you in this place as a percentage of kills by you in the entire game.
 C = Kills by friends in this place as a percentage of kills by friends in the entire game.
 D = Other kills in this place as a percentage of other kills in the entire game.
 E = Experience gained in this place as a percentage of experience gained in the entire game.
 F = Experience gained in this place divided by the number of levels of this place that you have seen.
                   A       B       C       D       E      F
               +-------+-------+-------+-------+-------+----------------------
         Total | 100.0 | 100.0 | 100.0 | 100.0 | 100.0 | 20612.3
       Dungeon |  20.8 |  22.1 |  15.8 |  40.0 |   4.5 | 3934.3
          Lair |  13.4 |  10.9 |  23.2 |   0.0 |   5.7 | 9303.2
         Swamp |   5.4 |   4.9 |   7.2 |  20.0 |   4.4 | 11386.6
     Snake Pit |   7.7 |   7.0 |  10.6 |   0.0 |   8.0 | 20708.8
  Orcish Mines |   7.1 |   8.2 |   2.9 |   0.0 |   1.1 | 3559.0
   Elven Halls |   3.7 |   4.6 |   0.3 |   0.0 |   4.8 | 20978.7
        Vaults |  19.7 |  20.4 |  16.9 |   0.0 |  27.2 | 70683.2
        Depths |  11.5 |  11.2 |  12.2 |  20.0 |  20.9 | 54305.6
           Zot |   5.8 |   5.2 |   7.9 |  20.0 |  21.6 | 56192.2
     Labyrinth |   0.1 |   0.1 |   0.0 |   0.0 |   0.1 | 1307.0
       Ossuary |   1.9 |   2.3 |   0.0 |   0.0 |   0.0 | 193.0
        Bailey |   1.4 |   1.6 |   0.8 |   0.0 |   0.1 | 1125.0
      Ice Cave |   0.3 |   0.1 |   1.2 |   0.0 |   0.1 | 1886.0
        Wizlab |   1.3 |   1.3 |   1.0 |   0.0 |   1.3 | 17066.0
               +-------+-------+-------+-------+-------+----------------------
